[ PARTIDA AOE2 · #508086194 ]
UnrankedCumanos vs Vikings
Equipo del jugador · DERR
Equipo rival · VICT
[ ANÁLISIS DE REPETICIÓN · EXTRAÍDO DE LA PARTIDA GRABADA ]
Feudal
11:13
Castillos
25:21
Imperial
—
| APM promedio | 64.2 |
| APM pico | 114 |
| eAPM promedio | 30.0 |
| Aldeanos / militares | 94 / 36 |
Foco
⚔️ 44.5% · 🌾 55.5%
Archer ×19 · Skirmisher ×13 · Militia ×3 · Spearman ×1
Feudal
9:21
Castillos
23:48
Imperial
—
| APM promedio | 42.9 |
| APM pico | 68 |
| eAPM promedio | 17.1 |
| Aldeanos / militares | 54 / 45 |
Foco
⚔️ 36.1% · 🌾 63.9%
Archer ×34 · Skirmisher ×8 · Militia ×3
Mapa de la partida
Recursos iniciales + cada clic de construcción. Líneas = muros · curvas = relieve. ◆ oro · ⬟ piedra · ● bayas · ✦ reliquia · ◌ hueco del cierre
Tu base· Abierta — hueco de 5t
Base de Goatmaster· Abierta — hueco de 11t
Terreno inicial suavizado · ◌ = hueco del cierre detectado · pasá el cursor para detalles
Inputs por minuto
— Chagas - - Goatmaster
Build order — Chagas
Primeras 150 de 218 acciones detectadas
| 0:00 | Crear | Villager (Male) |
| 0:01 | Crear | Villager (Male) |
| 0:02 | Construir | House |
| 0:02 | Crear | Villager (Male) |
| 0:04 | Construir | House |
| 0:04 | Crear | Villager (Male) |
| 1:27 | Crear | Villager (Male) |
| 1:28 | Crear | Villager (Male) |
| 1:49 | Construir | Lumber Camp |
| 2:04 | Crear | Villager (Male) |
| 2:04 | Crear | Villager (Male) |
| 2:15 | Crear | Villager (Male) |
| 2:15 | Crear | Villager (Male) |
| 2:55 | Crear | Villager (Male) |
| 2:55 | Crear | Villager (Male) |
| 2:56 | Crear | Villager (Male) |
| 3:08 | Crear | Villager (Male) |
| 3:08 | Crear | Villager (Male) |
| 3:24 | Construir | House |
| 3:42 | Crear | Villager (Male) |
| 3:42 | Crear | Villager (Male) |
| 3:44 | Construir | Palisade Wall |
| 3:58 | Crear | Villager (Male) |
| 4:36 | Crear | Villager (Male) |
| 4:46 | Construir | Barracks |
| 5:04 | Crear | Villager (Male) |
| 5:11 | Crear | Villager (Male) |
| 5:35 | Crear | Militia |
| 5:35 | Crear | Militia |
| 5:59 | Crear | Villager (Male) |
| 6:06 | Construir | House |
| 6:20 | Crear | Militia |
| 6:42 | Crear | Villager (Male) |
| 6:42 | Crear | Villager (Male) |
| 7:00 | Construir | Mill |
| 7:11 | Crear | Villager (Male) |
| 7:39 | Crear | Villager (Male) |
| 8:14 | Crear | Villager (Male) |
| 8:14 | Crear | Villager (Male) |
| 8:14 | Crear | Villager (Male) |
| 8:38 | Investigar | Loom |
| 8:53 | Investigar | Feudal Age |
| 8:54 | Investigar | Feudal Age |
| 9:15 | Construir | Lumber Camp |
| 9:43 | Construir | Mining Camp |
| 9:57 | Construir | House |
| 10:04 | Construir | Palisade Wall |
| 10:08 | Construir | Palisade Wall |
| 10:10 | Crear | Villager (Male) |
| 10:16 | Construir | Palisade Wall |
| 10:24 | Crear | Villager (Male) |
| 10:26 | Construir | Palisade Wall |
| 10:27 | Construir | Palisade Wall |
| 10:29 | Construir | Palisade Wall |
| 10:31 | Construir | Palisade Wall |
| 10:32 | Crear | Villager (Male) |
| 10:38 | Crear | Villager (Male) |
| 10:41 | Crear | Villager (Male) |
| 10:47 | Construir | Palisade Wall |
| 10:50 | Construir | Palisade Wall |
| 10:52 | Construir | Palisade Wall |
| 10:55 | Construir | House |
| 10:57 | Crear | Villager (Male) |
| 11:13 | Edad | Edad Feudal |
| 11:14 | Construir | Archery Range |
| 11:34 | Construir | House |
| 11:46 | Crear | Villager (Male) |
| 11:50 | Investigar | Double-Bit Axe |
| 11:50 | Investigar | Double-Bit Axe |
| 11:51 | Crear | Villager (Male) |
| 11:53 | Construir | Blacksmith |
| 11:56 | Crear | Archer |
| 11:57 | Crear | Villager (Male) |
| 11:58 | Crear | Villager (Male) |
| 11:58 | Crear | Villager (Male) |
| 12:03 | Crear | Villager (Male) |
| 12:04 | Crear | Archer |
| 12:08 | Crear | Villager (Male) |
| 12:09 | Construir | Farm |
| 12:11 | Construir | Farm |
| 12:13 | Construir | Farm |
| 12:16 | Crear | Archer |
| 12:29 | Crear | Spearman |
| 12:57 | Investigar | Fletching |
| 12:57 | Investigar | Fletching |
| 13:06 | Construir | Farm |
| 13:09 | Construir | Farm |
| 13:20 | Crear | Villager (Male) |
| 13:21 | Crear | Villager (Male) |
| 13:26 | Crear | Archer |
| 13:53 | Crear | Archer |
| 13:55 | Crear | Villager (Male) |
| 13:55 | Crear | Villager (Male) |
| 14:07 | Crear | Archer |
| 14:36 | Crear | Villager (Male) |
| 14:36 | Crear | Villager (Male) |
| 14:38 | Construir | Farm |
| 14:40 | Construir | Farm |
| 14:44 | Construir | Farm |
| 14:54 | Construir | House |
| 15:02 | Crear | Villager (Male) |
| 15:06 | Construir | House |
| 15:17 | Crear | Skirmisher |
| 15:44 | Crear | Skirmisher |
| 15:50 | Crear | Villager (Male) |
| 15:50 | Crear | Villager (Male) |
| 15:55 | Construir | Farm |
| 15:56 | Construir | Farm |
| 15:57 | Construir | Farm |
| 16:04 | Crear | Villager (Male) |
| 16:05 | Crear | Skirmisher |
| 16:26 | Crear | Villager (Male) |
| 16:26 | Crear | Villager (Male) |
| 16:27 | Crear | Archer |
| 16:27 | Crear | Archer |
| 16:41 | Crear | Villager (Male) |
| 16:42 | Crear | Archer |
| 16:42 | Crear | Archer |
| 17:00 | Crear | Villager (Male) |
| 17:01 | Crear | Archer |
| 17:01 | Crear | Archer |
| 17:22 | Crear | Archer |
| 17:23 | Crear | Archer |
| 17:32 | Crear | Villager (Male) |
| 17:44 | Crear | Villager (Male) |
| 17:50 | Crear | Villager (Male) |
| 17:55 | Crear | Villager (Male) |
| 18:13 | Crear | Villager (Male) |
| 18:13 | Crear | Villager (Male) |
| 18:14 | Crear | Archer |
| 18:20 | Construir | Palisade Wall |
| 18:21 | Construir | Palisade Wall |
| 18:24 | Construir | Palisade Wall |
| 18:33 | Crear | Villager (Male) |
| 18:34 | Crear | Villager (Male) |
| 18:40 | Construir | House |
| 18:50 | Crear | Villager (Male) |
| 18:58 | Construir | Farm |
| 19:00 | Construir | Farm |
| 19:01 | Construir | Farm |
| 19:03 | Construir | Farm |
| 19:08 | Construir | Farm |
| 19:10 | Construir | House |
| 19:25 | Construir | Town Center |
| 19:37 | Investigar | Wheelbarrow |
| 19:37 | Investigar | Wheelbarrow |
| 19:43 | Crear | Villager (Male) |
| 19:44 | Crear | Archer |
| 19:49 | Construir | Palisade Wall |
| 19:52 | Construir | Palisade Gate |
Build order — Goatmaster
Primeras 150 de 175 acciones detectadas
| 0:00 | Crear | Villager (Male) |
| 0:01 | Construir | House |
| 0:02 | Construir | House |
| 0:04 | Crear | Villager (Male) |
| 0:04 | Crear | Villager (Male) |
| 0:11 | Crear | Villager (Male) |
| 0:11 | Crear | Villager (Male) |
| 1:24 | Crear | Villager (Male) |
| 1:57 | Crear | Villager (Male) |
| 2:17 | Crear | Villager (Male) |
| 2:19 | Construir | Lumber Camp |
| 2:56 | Crear | Villager (Male) |
| 3:15 | Crear | Villager (Male) |
| 3:39 | Crear | Villager (Male) |
| 3:49 | Construir | House |
| 3:56 | Crear | Villager (Male) |
| 4:14 | Crear | Villager (Male) |
| 4:26 | Construir | Mill |
| 4:55 | Crear | Villager (Male) |
| 5:19 | Crear | Villager (Male) |
| 5:21 | Crear | Villager (Male) |
| 6:00 | Crear | Villager (Male) |
| 6:17 | Construir | Barracks |
| 6:23 | Construir | Barracks |
| 6:37 | Investigar | Loom |
| 7:11 | Investigar | Feudal Age |
| 7:18 | Construir | House |
| 7:55 | Crear | Militia |
| 8:01 | Construir | Palisade Wall |
| 8:16 | Crear | Militia |
| 8:21 | Construir | Mining Camp |
| 8:33 | Construir | Palisade Wall |
| 9:05 | Crear | Villager (Male) |
| 9:07 | Crear | Militia |
| 9:21 | Edad | Edad Feudal |
| 9:44 | Investigar | Man-at-Arms (upgrade) |
| 9:44 | Investigar | Man-at-Arms (upgrade) |
| 9:49 | Crear | Villager (Male) |
| 9:53 | Construir | House |
| 10:05 | Crear | Villager (Male) |
| 10:11 | Construir | Archery Range |
| 10:30 | Investigar | Double-Bit Axe |
| 10:53 | Crear | Villager (Male) |
| 10:59 | Construir | Mill |
| 11:02 | Crear | Archer |
| 11:23 | Crear | Villager (Male) |
| 11:33 | Crear | Archer |
| 11:46 | Construir | House |
| 11:56 | Crear | Villager (Male) |
| 12:00 | Construir | Farm |
| 12:01 | Construir | Farm |
| 12:11 | Crear | Villager (Male) |
| 12:16 | Crear | Archer |
| 12:28 | Construir | Lumber Camp |
| 12:40 | Crear | Archer |
| 12:45 | Crear | Villager (Male) |
| 12:46 | Construir | Farm |
| 12:58 | Construir | House |
| 13:09 | Crear | Archer |
| 13:17 | Crear | Villager (Male) |
| 13:17 | Crear | Villager (Male) |
| 13:33 | Construir | House |
| 13:34 | Construir | Palisade Wall |
| 13:36 | Construir | House |
| 13:46 | Crear | Archer |
| 14:00 | Crear | Villager (Male) |
| 14:03 | Construir | Blacksmith |
| 14:04 | Construir | Farm |
| 14:10 | Construir | Farm |
| 14:11 | Construir | Farm |
| 14:11 | Crear | Villager (Male) |
| 14:33 | Crear | Archer |
| 14:38 | Construir | House |
| 14:41 | Construir | Farm |
| 14:42 | Construir | Farm |
| 14:46 | Crear | Villager (Male) |
| 14:54 | Construir | Palisade Wall |
| 15:06 | Construir | House |
| 15:07 | Construir | Palisade Wall |
| 15:13 | Crear | Villager (Male) |
| 15:24 | Crear | Archer |
| 15:34 | Crear | Villager (Male) |
| 15:48 | Investigar | Fletching |
| 16:01 | Construir | Farm |
| 16:01 | Construir | Farm |
| 16:02 | Construir | Farm |
| 16:02 | Construir | Farm |
| 16:06 | Crear | Villager (Male) |
| 16:08 | Crear | Archer |
| 16:09 | Crear | Archer |
| 16:14 | Construir | Farm |
| 16:27 | Crear | Villager (Male) |
| 16:42 | Crear | Villager (Male) |
| 16:45 | Construir | Palisade Wall |
| 16:49 | Investigar | Padded Archer Armor |
| 17:04 | Crear | Archer |
| 17:09 | Construir | Farm |
| 17:10 | Construir | Farm |
| 17:11 | Construir | Farm |
| 17:12 | Investigar | Horse Collar |
| 17:20 | Crear | Villager (Male) |
| 17:33 | Crear | Skirmisher |
| 17:37 | Construir | Farm |
| 17:48 | Crear | Villager (Male) |
| 17:50 | Crear | Skirmisher |
| 17:55 | Construir | House |
| 17:56 | Construir | Palisade Wall |
| 18:13 | Crear | Villager (Male) |
| 18:23 | Construir | Archery Range |
| 18:29 | Construir | Palisade Wall |
| 18:34 | Crear | Villager (Male) |
| 18:36 | Crear | Skirmisher |
| 18:58 | Crear | Villager (Male) |
| 18:59 | Crear | Archer |
| 19:23 | Crear | Skirmisher |
| 19:25 | Crear | Villager (Male) |
| 19:31 | Crear | Villager (Male) |
| 19:34 | Construir | House |
| 19:40 | Construir | Palisade Wall |
| 19:42 | Crear | Villager (Male) |
| 19:51 | Construir | Market |
| 19:54 | Crear | Skirmisher |
| 19:55 | Crear | Skirmisher |
| 20:31 | Crear | Villager (Male) |
| 20:32 | Crear | Skirmisher |
| 20:32 | Crear | Skirmisher |
| 20:55 | Crear | Archer |
| 20:55 | Crear | Archer |
| 21:08 | Investigar | Castle Age |
| 21:22 | Crear | Archer |
| 21:22 | Crear | Archer |
| 21:26 | Construir | Archery Range |
| 21:36 | Crear | Archer |
| 21:43 | Construir | Lumber Camp |
| 21:46 | Construir | House |
| 21:50 | Crear | Archer |
| 21:53 | Investigar | Gold Mining |
| 22:20 | Crear | Archer |
| 22:20 | Crear | Archer |
| 22:38 | Crear | Archer |
| 22:41 | Crear | Villager (Male) |
| 22:52 | Crear | Archer |
| 22:59 | Crear | Villager (Male) |
| 23:14 | Crear | Archer |
| 23:14 | Crear | Archer |
| 23:21 | Crear | Villager (Male) |
| 23:48 | Edad | Edad de los Castillos |
| 23:49 | Investigar | Crossbowman (upgrade) |
| 23:50 | Investigar | Bodkin Arrow |
| 23:54 | Construir | University |
Cronología de la partida
| 3:44 | Chagas · wall_segment Palisade Wall x1 |
| 4:46 | Chagas · first_building Barracks |
| 6:17 | Goatmaster · first_building Barracks |
| 8:01 | Goatmaster · wall_segment Palisade Wall x1 |
| 8:33 | Goatmaster · wall_segment Palisade Wall x1 |
| 9:21 | Goatmaster · age_up feudal |
| 10:04 | Chagas · wall_segment Palisade Wall x5 |
| 10:08 | Chagas · wall_segment Palisade Wall x3 |
| 10:11 | Goatmaster · first_building Archery Range |
| 10:16 | Chagas · wall_segment Palisade Wall x1 |
| 10:26 | Chagas · wall_segment Palisade Wall x1 |
| 10:27 | Chagas · wall_segment Palisade Wall x1 |
| 10:29 | Chagas · wall_segment Palisade Wall x1 |
| 10:31 | Chagas · wall_segment Palisade Wall x1 |
| 10:47 | Chagas · wall_segment Palisade Wall x1 |
| 10:50 | Chagas · wall_segment Palisade Wall x1 |
| 10:52 | Chagas · wall_segment Palisade Wall x1 |
| 11:13 | Chagas · age_up feudal |
| 11:14 | Chagas · first_building Archery Range |
| 13:34 | Goatmaster · wall_segment Palisade Wall x1 |
| 14:54 | Goatmaster · wall_segment Palisade Wall x9 |
| 15:07 | Goatmaster · wall_segment Palisade Wall x13 |
| 16:45 | Goatmaster · wall_segment Palisade Wall x1 |
| 17:56 | Goatmaster · wall_segment Palisade Wall x5 |
| 18:20 | Chagas · wall_segment Palisade Wall x1 |
| 18:21 | Chagas · wall_segment Palisade Wall x1 |
| 18:24 | Chagas · wall_segment Palisade Wall x1 |
| 18:29 | Goatmaster · wall_segment Palisade Wall x1 |
| 19:40 | Goatmaster · wall_segment Palisade Wall x8 |
| 19:49 | Chagas · wall_segment Palisade Wall x6 |
| 20:11 | Chagas · wall_segment Palisade Wall x9 |
| 21:06 | Goatmaster · first_market_sell 100 wood |
| 23:48 | Goatmaster · age_up castle |
| 25:21 | Chagas · age_up castle |
| 25:57 | Chagas · wall_segment Palisade Wall x2 |
| 26:28 | Chagas · resign |
[ ANÁLISIS IA · 1 CRÉDITO ]
¿Qué pasó realmente en esta partida?
Wolo.gg analiza cada decisión: build order, eco, micro, errores típicos por bracket. Análisis personalizado por WhatsApp o Discord en 30 segundos.
Guía civ
Cumanos
Perfil
Chagas